[Event "Eurasia Open Cup 2019"]
[Site "Ekaterinburg"]
[Date "2019.08.01"]
[Round "2.6"]
[White "Isanzhulov, Arystan"]
[Black "Zhigalko, Andrey"]
[Result "0-1"]
[ECO "B30"]
[WhiteElo "2278"]
[BlackElo "2549"]
[Annotator "ChessBase"]
[PlyCount "120"]
[EventDate "2019.07.31"]
[EventType "swiss"]
[EventCountry "RUS"]
[SourceTitle "playchess.com"]
[Source "ChessBase"]
[SourceQuality "1"]
[TimeControl "5400+30"]

1. e4 c5 2. Nc3 Nc6 3. Bb5 Nd4 4. Nf3 e6 5. O-O a6 6. Bd3 Nc6 7. e5 d5 8. exd6 Bxd6 9. Re1 Nf6 10. Ne4 O-O 11. Nxf6+ Qxf6 12. Be4 e5 13. h3 Bd7 14. c3 h6 15. d4 exd4 16. cxd4 cxd4 17. Bxc6 Bxc6 18. Qxd4 Qxd4 19. Nxd4 Rfe8 20. Bd2 Bd5 21. Red1 Be5 22. Bc3 Rad8 23. a3 f6 24. Ne2 Bb8 25. Nd4 Kf7 26. Nf5 Bb3 27. Rxd8 Rxd8 28. Re1 Rd7 29. Nd4 Bd5 30. Nf5 h5 31. Re2 Be6 32. Nd4 Bc4 33. Re1 Be5 34. Ne2 Re7 35. Nd4 Rd7 36. Ne2 Bb8 37. Nd4 g6 38. Nf3 g5 39. Nd2 Bd5 40. Nf1 Bb3 41. Ng3 h4 42. Ne4 Re7 43. Re3 Bf4 44. Bxf6 Rxe4 45. Rxe4 Kxf6 46. Re1 b5 47. g3 hxg3 48. fxg3 Be5 49. Re2 Bc4 50. Rf2+ Ke6 51. Kg2 Bd5+ 52. Kh2 a5 53. Re2 a4 54. Rd2 Be4 55. Re2 Kd5 56. Rf2 Kd4 57. Rf8 Ke3 58. Rg8 Bxb2 59. Rxg5 Bd3 60. h4 Bxa3 0-1

[Event "Eurasia Open Cup 2019"]
[Site "Ekaterinburg"]
[Date "2019.08.01"]
[Round "2.7"]
[White "Sivuk, Vitaly"]
[Black "Garifullina, Leya"]
[Result "1-0"]
[ECO "E16"]
[WhiteElo "2546"]
[BlackElo "2268"]
[Annotator "ChessBase"]
[PlyCount "85"]
[EventDate "2019.07.31"]
[EventType "swiss"]
[EventCountry "RUS"]
[SourceTitle "playchess.com"]
[Source "ChessBase"]
[SourceQuality "1"]
[TimeControl "5400+30"]

1. d4 Nf6 2. c4 e6 3. Nf3 b6 4. g3 Bb7 5. Bg2 Bb4+ 6. Bd2 Be7 7. Nc3 O-O 8. O-O c6 9. e4 d5 10. exd5 cxd5 11. Ne5 Nc6 12. cxd5 Nxe5 13. d6 Nc6 14. dxe7 Qxe7 15. Bg5 h6 16. Bxf6 Qxf6 17. d5 Na5 18. dxe6 Qxe6 19. Re1 Qf6 20. Qg4 Bxg2 21. Kxg2 Rfd8 22. Rad1 Qc6+ 23. Qf3 Qxf3+ 24. Kxf3 Kf8 25. Nb5 Nc6 26. b3 Rac8 27. h4 h5 28. Rxd8+ Rxd8 29. Rc1 Nd4+ 30. Nxd4 Rxd4 31. Rc8+ Ke7 32. Rc7+ Rd7 33. Rxd7+ Kxd7 34. Kf4 Ke6 35. Kg5 g6 36. f4 b5 37. b4 a6 38. a3 Ke7 39. f5 gxf5 40. Kxf5 f6 41. Kg6 Ke6 42. Kxh5 Kf5 43. g4+ 1-0

[Event "Eurasia Open Cup 2019"]
[Site "Ekaterinburg"]
[Date "2019.08.01"]
[Round "2.8"]
[White "Mamatov, Melis"]
[Black "Sargsyan, Shant"]
[Result "0-1"]
[ECO "C75"]
[WhiteElo "2269"]
[BlackElo "2529"]
[Annotator "ChessBase"]
[PlyCount "104"]
[EventDate "2019.07.31"]
[EventType "swiss"]
[EventCountry "RUS"]
[SourceTitle "playchess.com"]
[Source "ChessBase"]
[SourceQuality "1"]
[TimeControl "5400+30"]

1. e4 e5 2. Nf3 Nc6 3. Bb5 a6 4. Ba4 d6 5. c3 Bd7 6. d3 g6 7. Bc2 Bg7 8. Bg5 Nge7 9. h3 h6 10. Bh4 g5 11. Bg3 f5 12. exf5 Nxf5 13. Nbd2 Qe7 14. Qe2 O-O-O 15. O-O-O Nxg3 16. fxg3 d5 17. g4 Rhe8 18. Rhe1 Qc5 19. Nb3 Qb6 20. Qd2 Kb8 21. d4 e4 22. Nh2 Na5 23. Nxa5 Qxa5 24. Kb1 c6 25. Nf1 Qc7 26. Ne3 Rf8 27. c4 Be6 28. cxd5 cxd5 29. Bb3 Qb6 30. Re2 Rf7 31. Nc2 Rdf8 32. Ne3 Qb5 33. Qe1 Ka7 34. Rc2 Bxd4 35. Bc4 Qb6 36. Nxd5 Bxd5 37. Bxd5 Rf2 38. Bb3 Rxc2 39. Kxc2 Rf2+ 40. Rd2 e3 41. Rxf2 exf2 42. Qe2 Qg6+ 43. Kd2 Qb1 44. Bc4 Qxb2+ 45. Kd3 Qc3+ 46. Ke4 b5 47. Bd3 Qc5 48. Kf3 Qf8+ 49. Ke4 Qf6 50. Kd5 f1=Q 51. Qxf1 Qe5+ 52. Kc6 Qe6+ 0-1

[Event "Eurasia Open Cup 2019"]
[Site "Ekaterinburg"]
[Date "2019.08.01"]
[Round "2.9"]
[White "Kunin, Vitaly"]
[Black "Zasukhin, Vadim"]
[Result "1-0"]
[ECO "E01"]
[WhiteElo "2527"]
[BlackElo "2249"]
[Annotator "ChessBase"]
[PlyCount "57"]
[EventDate "2019.07.31"]
[EventType "swiss"]
[EventCountry "RUS"]
[SourceTitle "playchess.com"]
[Source "ChessBase"]
[SourceQuality "1"]
[TimeControl "5400+30"]

1. d4 d5 2. Nf3 Nf6 3. c4 c6 4. Qc2 e6 5. g3 Nbd7 6. Bg2 Bb4+ 7. Nbd2 b6 8. O-O Bb7 9. e4 O-O 10. e5 Ne8 11. h4 Be7 12. b3 Rc8 13. Bb2 c5 14. dxc5 Nxc5 15. Rad1 Nc7 16. Rfe1 h6 17. Nh2 dxc4 18. Nxc4 Nd5 19. Qe2 Rc7 20. Nd6 Bc6 21. Ng4 Kh7 22. b4 Nxb4 23. Bxc6 Nxc6 24. Nxf7 Qe8 25. Qc2+ g6 26. Nd6 Qa8 27. Qd2 g5 28. Qc2+ Kh8 29. Qg6 1-0

[Event "Eurasia Open Cup 2019"]
[Site "Ekaterinburg"]
[Date "2019.08.01"]
[Round "2.10"]
[White "Odegov, Artem"]
[Black "Moiseenko, Vadim"]
[Result "0-1"]
[ECO "D31"]
[WhiteElo "2261"]
[BlackElo "2523"]
[Annotator "ChessBase"]
[PlyCount "74"]
[EventDate "2019.07.31"]
[EventType "swiss"]
[EventCountry "RUS"]
[SourceTitle "playchess.com"]
[Source "ChessBase"]
[SourceQuality "1"]
[TimeControl "5400+30"]

1. d4 d5 2. c4 e6 3. Nc3 c6 4. e3 Bd6 5. b3 f5 6. Bd3 Nh6 7. Nf3 Nd7 8. h3 O-O 9. Qc2 Qe7 10. Bb2 b6 11. Ne2 Bb7 12. Ne5 Nf7 13. Nxd7 Qxd7 14. O-O Ng5 15. a4 c5 16. cxd5 exd5 17. Ng3 Ne4 18. Nxe4 fxe4 19. Bb5 Qe6 20. dxc5 bxc5 21. Be2 Qg6 22. f4 Qg3 23. Qc3 d4 24. exd4 e3 25. d5 Bxf4 26. Rxf4 Rxf4 27. Bg4 Rd4 28. Qe1 Qf2+ 29. Qxf2 exf2+ 30. Kf1 Ba6+ 31. Be2 Bxe2+ 32. Kxe2 Re8+ 33. Kf1 Rxd5 34. Rc1 Re1+ 35. Rxe1 fxe1=N 36. Kxe1 Rd3 37. Ba3 c4 0-1

[Event "Eurasia Open Cup 2019"]
[Site "Ekaterinburg"]
[Date "2019.08.01"]
[Round "2.11"]
[White "Akhtariev, Andrey"]
[Black "Vokhidov, Shamsiddin"]
[Result "0-1"]
[ECO "D02"]
[WhiteElo "2243"]
[BlackElo "2515"]
[Annotator "ChessBase"]
[PlyCount "80"]
[EventDate "2019.07.31"]
[EventType "swiss"]
[EventCountry "RUS"]
[SourceTitle "playchess.com"]
[Source "ChessBase"]
[SourceQuality "1"]
[TimeControl "5400+30"]

1. Nc3 d5 2. d4 Nf6 3. Bf4 a6 4. e3 e6 5. Nf3 c5 6. Be2 Nc6 7. O-O b5 8. dxc5 Bxc5 9. a4 b4 10. Nb1 O-O 11. Nbd2 Bb7 12. Rc1 Qe7 13. Bg5 h6 14. Bh4 Rfd8 15. c3 bxc3 16. bxc3 Na5 17. Qc2 Rac8 18. Rfd1 Bb4 19. c4 dxc4 20. Nxc4 Bd5 21. Bxf6 gxf6 22. Rd4 f5 23. Rcd1 Nxc4 24. Bxc4 Rxc4 25. Rxc4 Bxc4 26. Rxd8+ Qxd8 27. Qxc4 Qd1+ 28. Qf1 Qxa4 29. g3 Bc3 30. Qd3 Bf6 31. Kg2 Kg7 32. Nd2 Qc6+ 33. e4 a5 34. Kh3 a4 35. exf5 Qd5 36. Qe2 Qxf5+ 37. Kg2 Qd5+ 38. f3 Qa2 39. Qd3 a3 40. Kh3 Qd5 0-1

[Event "Eurasia Open Cup 2019"]
[Site "Ekaterinburg"]
[Date "2019.08.01"]
[Round "2.12"]
[White "Afanasiev, Nikita"]
[Black "Schepetkova, Margarita"]
[Result "1-0"]
[ECO "B12"]
[WhiteElo "2514"]
[BlackElo "2241"]
[Annotator "ChessBase"]
[PlyCount "77"]
[EventDate "2019.07.31"]
[EventType "swiss"]
[EventCountry "RUS"]
[SourceTitle "playchess.com"]
[Source "ChessBase"]
[SourceQuality "1"]
[TimeControl "5400+30"]

1. e4 c6 2. d4 d5 3. e5 Bf5 4. Nf3 e6 5. Be2 Ne7 6. O-O c5 7. Be3 Bg4 8. Nbd2 Nbc6 9. c3 Nf5 10. Nb3 Bxf3 11. Bxf3 c4 12. Nd2 f6 13. exf6 Qxf6 14. Re1 O-O-O 15. Bg4 h5 16. Bxf5 Qxf5 17. Nf3 Bd6 18. b3 e5 19. bxc4 dxc4 20. Qa4 h4 21. h3 e4 22. Nd2 g5 23. Qd1 g4 24. Qxg4 Qxg4 25. hxg4 Rhg8 26. g5 Ne7 27. Nxe4 Nd5 28. Rab1 a6 29. Nxd6+ Rxd6 30. Bd2 b5 31. a4 bxa4 32. Ra1 Nb6 33. Re5 Kd7 34. Ra5 Ke6 35. Bf4 Rc6 36. d5+ Nxd5 37. Re1+ Kf5 38. Rxd5+ Kxf4 39. f3 1-0

[Event "Eurasia Open Cup 2019"]
[Site "Ekaterinburg"]
[Date "2019.08.01"]
[Round "2.13"]
[White "Rudometov, Maxim"]
[Black "Bocharov, Dmitry"]
[Result "0-1"]
[ECO "E62"]
[WhiteElo "2233"]
[BlackElo "2506"]
[Annotator "ChessBase"]
[PlyCount "98"]
[EventDate "2019.07.31"]
[EventType "swiss"]
[EventCountry "RUS"]
[SourceTitle "playchess.com"]
[Source "ChessBase"]
[SourceQuality "1"]
[TimeControl "5400+30"]

1. d4 Nf6 2. c4 g6 3. g3 Bg7 4. Bg2 O-O 5. Nf3 d6 6. O-O Nc6 7. Nc3 Bf5 8. d5 Na5 9. Nd4 Bd7 10. b3 c5 11. dxc6 bxc6 12. Bb2 Rb8 13. Rb1 c5 14. Nc2 Nc6 15. Qd2 Qc8 16. Nd5 Nxd5 17. Bxg7 Kxg7 18. cxd5 Nb4 19. Nxb4 Rxb4 20. a3 Rb6 21. b4 Qb7 22. Be4 Rc8 23. bxc5 Rxc5 24. Rxb6 axb6 25. Rb1 Kg8 26. h4 b5 27. h5 Rc4 28. Bf3 Bf5 29. Rb4 Qb6 30. h6 f6 31. Kg2 g5 32. Qb2 Qc7 33. Rxc4 bxc4 34. e4 c3 35. Qc2 Bd7 36. Be2 Qc5 37. a4 Qb4 38. Bb5 Qb2 39. Bd3 Kf8 40. a5 Bb5 41. e5 dxe5 42. Bxh7 Bc4 43. d6 Bd5+ 44. Kh3 exd6 45. Qd3 Qd2 46. Kg4 Be6+ 47. Kf3 g4+ 48. Kg2 Bd5+ 49. Kg1 Qc1+ 0-1

[Event "Eurasia Open Cup 2019"]
[Site "Ekaterinburg"]
[Date "2019.08.01"]
[Round "2.14"]
[White "Burmakin, Vladimir"]
[Black "Lysenko, Margarita"]
[Result "1-0"]
[ECO "A45"]
[WhiteElo "2506"]
[BlackElo "2224"]
[Annotator "ChessBase"]
[PlyCount "131"]
[EventDate "2019.07.31"]
[EventType "swiss"]
[EventCountry "RUS"]
[SourceTitle "playchess.com"]
[Source "ChessBase"]
[SourceQuality "1"]
[TimeControl "5400+30"]

1. d4 Nf6 2. g3 e6 3. Bg2 c5 4. dxc5 Bxc5 5. Nh3 O-O 6. O-O d5 7. Nf4 Nc6 8. c3 Qe7 9. Nd2 Rd8 10. Nd3 Bb6 11. Ne1 e5 12. Nc2 Bf5 13. Nf3 d4 14. cxd4 exd4 15. Nce1 Re8 16. Nh4 Bg4 17. Bf3 Bxf3 18. exf3 Nd5 19. Qb3 Rad8 20. Nd3 Na5 21. Qa4 Qd7 22. Qxd7 Rxd7 23. Bd2 Nc4 24. Rfe1 Rxe1+ 25. Bxe1 f6 26. f4 Kf7 27. Nf3 Nd6 28. Rd1 Ne4 29. Nd2 Nxd2 30. Bxd2 Rc7 31. Kg2 Rc2 32. Kf3 f5 33. Be1 Nf6 34. a4 a6 35. Ra1 Ne4 36. a5 Ba7 37. Ra4 Ke6 38. g4 g6 39. h3 Nc5 40. Rxd4 Nxd3 41. Rxd3 Rxb2 42. Rd8 Rc2 43. Re8+ Kf7 44. Ra8 Bd4 45. Rd8 Bf6 46. Rd7+ Ke8 47. Rxb7 fxg4+ 48. hxg4 h5 49. Rb6 hxg4+ 50. Kxg4 Bd4 51. Rxg6 Re2 52. Rd6 Bc5 53. Rd5 Rxe1 54. Rxc5 Ra1 55. Kg5 Ke7 56. Re5+ Kf7 57. Rc5 Ke7 58. f5 Rg1+ 59. Kf4 Ra1 60. Ke5 Re1+ 61. Kf4 Ra1 62. f6+ Kf7 63. Kf5 Rf1 64. Rc7+ Kf8 65. f4 Ra1 66. Ra7 1-0

[Event "Eurasia Open Cup 2019"]
[Site "Ekaterinburg"]
[Date "2019.08.01"]
[Round "2.15"]
[White "Pranizin, Gennady"]
[Black "Gleizerov, Evgeny"]
[Result "0-1"]
[ECO "C01"]
[WhiteElo "2232"]
[BlackElo "2498"]
[Annotator "ChessBase"]
[PlyCount "120"]
[EventDate "2019.07.31"]
[EventType "swiss"]
[EventCountry "RUS"]
[SourceTitle "playchess.com"]
[Source "ChessBase"]
[SourceQuality "1"]
[TimeControl "5400+30"]

1. e4 e6 2. d4 d5 3. Bd3 c5 4. exd5 exd5 5. Qe2+ Be7 6. dxc5 Nf6 7. Nf3 O-O 8. O-O Re8 9. Bg5 h6 10. Bh4 g5 11. Nxg5 hxg5 12. Bxg5 Nbd7 13. Nc3 Nxc5 14. Bb5 Bd7 15. Rad1 Bxb5 16. Qxb5 a6 17. Qe2 d4 18. Qf3 Ne6 19. Bh4 Nh7 20. Bxe7 Qxe7 21. Ne4 Kh8 22. Ng3 Rad8 23. h3 Rd7 24. c3 Qf6 25. Qe4 Red8 26. cxd4 Nxd4 27. Kh1 Ne6 28. Rxd7 Rxd7 29. f4 Qxb2 30. f5 Nef8 31. Qg4 Qg7 32. Qf3 Nf6 33. Rb1 Qg5 34. Qc3 Kg8 35. Kh2 Nd5 36. Qc8 Qf4 37. Rxb7 Rxb7 38. Qxb7 Ne3 39. Qxa6 Nxf5 40. Qd3 Ne3 41. Qe2 Ng6 42. Qf3 Qe5 43. Kg1 Nh4 44. Qf2 Nd1 45. Qe2 Qxg3 46. Qg4+ Qxg4 47. hxg4 Ng6 48. a4 Ne5 49. a5 Nc6 50. a6 Ne3 51. g5 Nd5 52. Kh2 Nc7 53. Kh3 Kg7 54. Kg4 Kg6 55. Kf4 Nxa6 56. Kg4 Nc5 57. Kh4 Ne6 58. g3 Nxg5 59. Kg4 Ne4 60. Kf4 Nxg3 0-1

[Event "Eurasia Open Cup 2019"]
[Site "Ekaterinburg"]
[Date "2019.08.01"]
[Round "2.16"]
[White "Larichev, Dmitry"]
[Black "Drygalov, Sergey"]
[Result "0-1"]
[ECO "B50"]
[WhiteElo "2225"]
[BlackElo "2492"]
[Annotator "ChessBase"]
[PlyCount "84"]
[EventDate "2019.07.31"]
[EventType "swiss"]
[EventCountry "RUS"]
[SourceTitle "playchess.com"]
[Source "ChessBase"]
[SourceQuality "1"]
[TimeControl "5400+30"]

1. e4 c5 2. Nf3 d6 3. c3 Nf6 4. Bd3 Nc6 5. Bc2 Bg4 6. h3 Bh5 7. O-O e6 8. d3 Be7 9. Be3 O-O 10. d4 cxd4 11. cxd4 Nb4 12. Nbd2 Nxc2 13. Qxc2 Bg6 14. Qb3 Nxe4 15. Qxb7 Nxd2 16. Bxd2 Bf6 17. Rac1 a5 18. b3 a4 19. b4 Bd3 20. Rfe1 Ba6 21. Qe4 Qe7 22. Qg4 Bb7 23. Ng5 h6 24. h4 a3 25. Rc3 Bd5 26. Rg3 Bxa2 27. Ra1 Bd5 28. Rgxa3 Rxa3 29. Rxa3 Qb7 30. Nh3 Be4 31. Nf4 Bf5 32. Qg3 Bxd4 33. Nh5 Qe4 34. Bc3 Bg4 35. Nf4 Bxc3 36. Rxc3 Qxb4 37. Rc1 Bf5 38. Kh2 d5 39. Nh5 Qg4 40. Nf4 Qxg3+ 41. Kxg3 Rd8 42. Kf3 e5 0-1

[Event "Eurasia Open Cup 2019"]
[Site "Ekaterinburg"]
[Date "2019.08.01"]
[Round "2.17"]
[White "Kostenko, Petr"]
[Black "Tugarin, Anton"]
[Result "1-0"]
[ECO "C01"]
[WhiteElo "2471"]
[BlackElo "2217"]
[Annotator "ChessBase"]
[PlyCount "57"]
[EventDate "2019.07.31"]
[EventType "swiss"]
[EventCountry "RUS"]
[SourceTitle "playchess.com"]
[Source "ChessBase"]
[SourceQuality "1"]
[TimeControl "5400+30"]

1. e4 e6 2. d4 d5 3. Nc3 Bb4 4. exd5 exd5 5. Bd3 Nf6 6. a3 Be7 7. Nf3 Bg4 8. h3 Bh5 9. g4 Bg6 10. Ne5 Bxd3 11. Qxd3 c6 12. g5 Nfd7 13. f4 Nxe5 14. dxe5 Nd7 15. Be3 Nc5 16. Qd2 Qd7 17. b4 Ne6 18. f5 Nc7 19. O-O O-O 20. Ne4 Rfd8 21. Nf6+ Bxf6 22. gxf6 d4 23. Bg5 Re8 24. Rae1 Qd5 25. Qf4 c5 26. Bh4 Rec8 27. e6 fxe6 28. fxe6 Nxe6 29. Qg4 1-0

[Event "Eurasia Open Cup 2019"]
[Site "Ekaterinburg"]
[Date "2019.08.01"]
[Round "2.18"]
[White "Navrodskiy, Boris"]
[Black "Kezin, Roman"]
[Result "0-1"]
[ECO "D44"]
[WhiteElo "2223"]
[BlackElo "2470"]
[Annotator "ChessBase"]
[PlyCount "70"]
[EventDate "2019.07.31"]
[EventType "swiss"]
[EventCountry "RUS"]
[SourceTitle "playchess.com"]
[Source "ChessBase"]
[SourceQuality "1"]
[TimeControl "5400+30"]

1. d4 Nf6 2. c4 e6 3. Nf3 d5 4. Nc3 c6 5. Bg5 dxc4 6. e4 b5 7. e5 h6 8. Bh4 g5 9. Nxg5 hxg5 10. Bxg5 Be7 11. exf6 Bxf6 12. Bxf6 Qxf6 13. g3 Na6 14. Bg2 Bb7 15. Nxb5 O-O-O 16. Na3 Rxd4 17. Qe2 c3 18. O-O Rd2 19. Qc4 cxb2 20. Rad1 Rxd1 21. Rxd1 Rd8 22. Rf1 Kb8 23. Qc2 Nb4 24. Qb3 Qd4 25. Nc4 Nd3 26. Bxc6 Nc5 27. Qb5 a6 28. Qb4 Rc8 29. Bg2 Ne4 30. Qxb2 Rxc4 31. Qb3 Rb4 32. Qa3 Rb2 33. Qf8+ Ka7 34. Qxf7 e5 35. g4 Nd2 0-1

[Event "Eurasia Open Cup 2019"]
[Site "Ekaterinburg"]
[Date "2019.08.01"]
[Round "2.19"]
[White "Ulybin, Mikhail"]
[Black "Pastukhov, Leonid"]
[Result "1/2-1/2"]
[ECO "E01"]
[WhiteElo "2469"]
[BlackElo "2215"]
[Annotator "ChessBase"]
[PlyCount "105"]
[EventDate "2019.07.31"]
[EventType "swiss"]
[EventCountry "RUS"]
[SourceTitle "playchess.com"]
[Source "ChessBase"]
[SourceQuality "1"]
[TimeControl "5400+30"]

1. d4 Nf6 2. c4 e6 3. g3 d5 4. Bg2 c6 5. Nf3 Nbd7 6. O-O Bd6 7. Nc3 O-O 8. Nd2 Bc7 9. e4 c5 10. dxc5 d4 11. Na4 e5 12. b4 Re8 13. Ba3 Nf8 14. Nb2 Ng6 15. Nd3 h5 16. h4 Ng4 17. Re1 Be6 18. Rc1 Qd7 19. b5 a5 20. Rb1 Bd8 21. Qa4 Bxh4 22. gxh4 Nxh4 23. Nf3 Qd8 24. Nxh4 Qxh4 25. Bc1 Qh2+ 26. Kf1 f5 27. Rb2 fxe4 28. Rxe4 Rf8 29. Ne1 Qg3 30. Rxg4 Qxg4 31. Re2 Rad8 32. Nd3 Qf5 33. Qc2 h4 34. Bxb7 Qf7 35. Be4 Bxc4 36. b6 h3 37. Nxe5 Bxe2+ 38. Qxe2 d3 39. Nxd3 Qc4 40. Bf4 Rxf4 41. f3 Rxe4 42. Qxe4 Qxa2 43. Qe2 Qd5 44. Kg1 Qg5+ 45. Kh2 Rxd3 46. Qe8+ Kh7 47. Qe4+ g6 48. Kxh3 Rd1 49. f4 Qxc5 50. b7 Qc7 51. b8=Q Qxb8 52. Qe7+ Kh6 53. Qg5+ 1/2-1/2

[Event "Eurasia Open Cup 2019"]
[Site "Ekaterinburg"]
[Date "2019.08.01"]
[Round "2.20"]
[White "Anchutin, Nikita"]
[Black "Kozionov, Kirill"]
[Result "0-1"]
[ECO "E63"]
[WhiteElo "2216"]
[BlackElo "2454"]
[Annotator "ChessBase"]
[PlyCount "86"]
[EventDate "2019.07.31"]
[EventType "swiss"]
[EventCountry "RUS"]
[SourceTitle "playchess.com"]
[Source "ChessBase"]
[SourceQuality "1"]
[TimeControl "5400+30"]

1. d4 Nf6 2. Nf3 g6 3. g3 Bg7 4. Bg2 O-O 5. O-O d6 6. c4 Nc6 7. Nc3 a6 8. b3 Rb8 9. d5 Na5 10. Bg5 h6 11. Bd2 c5 12. dxc6 Nxc6 13. Rc1 Be6 14. Ne1 Qd7 15. Nd5 Kh7 16. Bc3 Nh5 17. Nd3 Bxc3 18. Rxc3 Bh3 19. Qd2 Bxg2 20. Kxg2 e6 21. N5b4 Nf6 22. f3 Ne7 23. e4 Rbd8 24. Rd1 Qc7 25. Nf4 g5 26. Ne2 Ng6 27. h3 Rd7 28. Rd3 Rfd8 29. Qb2 Nh5 30. R3d2 Rg8 31. Qd4 Rgd8 32. Qb2 Qc5 33. Nd3 Qb6 34. Nf2 Qc6 35. Ng4 Qc5 36. Nf6+ Nxf6 37. Qxf6 Ne5 38. Nd4 Rg8 39. Nxe6 fxe6 40. Qxe6 Rg6 41. Qe8 Rf7 42. Rf2 Rgf6 43. Rd5 Qe3 0-1

[Event "Eurasia Open Cup 2019"]
[Site "Ekaterinburg"]
[Date "2019.08.01"]
[Round "2.21"]
[White "Nesterov, Arseniy"]
[Black "Iljushina, Olga"]
[Result "1-0"]
[ECO "D65"]
[WhiteElo "2451"]
[BlackElo "2208"]
[Annotator "ChessBase"]
[PlyCount "81"]
[EventDate "2019.07.31"]
[EventType "swiss"]
[EventCountry "RUS"]
[SourceTitle "playchess.com"]
[Source "ChessBase"]
[SourceQuality "1"]
[TimeControl "5400+30"]

1. d4 Nf6 2. c4 e6 3. Nc3 d5 4. Nf3 Be7 5. Bg5 Nbd7 6. e3 O-O 7. Rc1 a6 8. cxd5 exd5 9. Bd3 Re8 10. O-O c6 11. Qc2 Nf8 12. Ne5 Ng4 13. Bf4 Bd6 14. Nxg4 Bxg4 15. Bxd6 Qxd6 16. Na4 Re6 17. h3 Rh6 18. f4 Bd7 19. Nc5 Re8 20. Nxb7 Qe7 21. Nc5 Bxh3 22. Qf2 Bc8 23. e4 dxe4 24. Bxe4 Rd8 25. Rfe1 Qf6 26. Nb3 Rd6 27. Na5 Bd7 28. Rcd1 Bg4 29. Rd2 Rh5 30. Nc4 Qh6 31. g3 f5 32. Bg2 Rf6 33. d5 cxd5 34. Bxd5+ Kh8 35. Ne5 Rh3 36. Rc2 Qh5 37. Rc8 g5 38. Nd7 gxf4 39. Rxf8+ Kg7 40. Rg8+ Kh6 41. Qxf4+ 1-0

[Event "Eurasia Open Cup 2019"]
[Site "Ekaterinburg"]
[Date "2019.08.01"]
[Round "2.22"]
[White "Saunina, Ludmila"]
[Black "Kabanov, Nikolai"]
[Result "0-1"]
[ECO "E61"]
[WhiteElo "2199"]
[BlackElo "2450"]
[Annotator "ChessBase"]
[PlyCount "74"]
[EventDate "2019.07.31"]
[EventType "swiss"]
[EventCountry "RUS"]
[SourceTitle "playchess.com"]
[Source "ChessBase"]
[SourceQuality "1"]
[TimeControl "5400+30"]

1. d4 Nf6 2. c4 g6 3. Nc3 Bg7 4. Nf3 O-O 5. Bg5 c5 6. d5 b5 7. cxb5 a6 8. bxa6 Bxa6 9. g3 Qa5 10. Nd2 d6 11. Bg2 Nbd7 12. O-O Rfb8 13. Qc2 h6 14. Nb3 Qb4 15. Bc1 Ne8 16. f4 Nc7 17. Kh1 Nf6 18. h3 Bc4 19. Nd2 Bxd5 20. Nxd5 Nfxd5 21. Qd3 Qd4 22. Re1 Qxd3 23. exd3 Bxb2 24. Rb1 Bxc1 25. Rexc1 Rxb1 26. Rxb1 Rxa2 27. Nc4 Ra7 28. Bf3 Kg7 29. Rb2 Nc3 30. Bc6 N7d5 31. Rd2 h5 32. h4 Nb4 33. Bf3 d5 34. Ne3 e6 35. Kg2 Ra2 36. Rxa2 Ncxa2 37. Be2 Nc1 0-1

[Event "Eurasia Open Cup 2019"]
[Site "Ekaterinburg"]
[Date "2019.08.01"]
[Round "2.23"]
[White "Khusenkhojaev, Muhammad"]
[Black "Chigaeva, Anastasia"]
[Result "1-0"]
[ECO "D11"]
[WhiteElo "2441"]
[BlackElo "2193"]
[Annotator "NA"]
[PlyCount "70"]
[EventDate "2019.07.31"]
[EventType "swiss"]
[EventCountry "RUS"]
[SourceTitle "playchess.com"]
[Source "ChessBase"]
[SourceQuality "1"]
[TimeControl "5400+30"]

1. Nf3 d5 2. c4 c6 3. e3 Nf6 4. Nc3 Bg4 5. d4 e6 6. Qb3 Qc7 7. Ne5 Bf5 8. Be2 Bd6 9. g4 Bg6 10. h4 Bxe5 11. dxe5 Nfd7 12. cxd5 Nxe5 13. dxe6 O-O 14. h5 Bd3 15. g5 Na6 16. f4 Bxe2 17. Kxe2 Nc5 18. Qa3 Ned3 19. Rd1 Rfd8 20. b4 Nxc1+ 21. Raxc1 Rxd1 22. Rxd1 Nxe6 23. Ne4 Re8 24. Kf3 Qe7 25. Nd6 Rd8 26. Nf5 Qc7 27. Qb3 c5 28. bxc5 Rxd1 29. Qxd1 Qxc5 30. Qd7 Qc6+ 31. Qxc6 bxc6 32. Ne7+ Kf8 33. Nxc6 a6 34. Ke4 Nc7 35. a4 Ke8 1-0

[Event "Eurasia Open Cup 2019"]
[Site "Ekaterinburg"]
[Date "2019.08.01"]
[Round "2.24"]
[White "Isaev, Anton"]
[Black "Davtyan, Artur"]
[Result "1-0"]
[ECO "E61"]
[WhiteElo "2191"]
[BlackElo "2440"]
[Annotator "NA"]
[PlyCount "67"]
[EventDate "2019.07.31"]
[EventType "swiss"]
[EventCountry "RUS"]
[SourceTitle "playchess.com"]
[Source "ChessBase"]
[SourceQuality "1"]
[TimeControl "5400+30"]

1. Nf3 Nf6 2. e3 b6 3. c4 Bb7 4. b3 g6 5. Bb2 Bg7 6. d4 O-O 7. Be2 e6 8. O-O d6 9. Nc3 Nbd7 10. Nd2 Re8 11. Bf3 d5 12. e4 dxe4 13. Ndxe4 Nxe4 14. Nxe4 Qe7 15. Qc2 Rad8 16. Rad1 Nb8 17. Rfe1 Rd7 18. Nd2 c6 19. Ne4 Red8 20. c5 Bxd4 21. Bxd4 Rxd4 22. Rxd4 Rxd4 23. Qc3 bxc5 24. b4 Ba6 25. bxc5 e5 26. Nd6 Qe6 27. Qa5 Kg7 28. Qc7 Rb4 29. a3 Rb2 30. Bg4 Qd5 31. Qe7 h5 32. Ne8+ Kh6 33. h4 Nd7 34. Bxd7 1-0

[Event "Eurasia Open Cup 2019"]
[Site "Ekaterinburg"]
[Date "2019.08.01"]
[Round "2.25"]
[White "Shubin, Kirill"]
[Black "Fokin, Sergey"]
[Result "1-0"]
[ECO "B01"]
[WhiteElo "2426"]
[BlackElo "2189"]
[Annotator "NA"]
[PlyCount "63"]
[EventDate "2019.07.31"]
[EventType "swiss"]
[EventCountry "RUS"]
[SourceTitle "playchess.com"]
[Source "ChessBase"]
[SourceQuality "1"]
[TimeControl "5400+30"]

1. e4 d5 2. exd5 Qxd5 3. Nc3 Qd6 4. d4 Nf6 5. Nf3 Bg4 6. h3 Bxf3 7. Qxf3 c6 8. Be3 e6 9. O-O-O Qc7 10. Bd3 Nbd7 11. Rhe1 Bb4 12. Bd2 O-O 13. a3 Be7 14. g4 Rfe8 15. g5 Nd5 16. Ne4 e5 17. c4 Nf4 18. Bxf4 exf4 19. h4 Nf8 20. Bc2 Rad8 21. Kb1 Ne6 22. d5 Nf8 23. h5 cxd5 24. cxd5 Rc8 25. Rc1 Qb6 26. h6 gxh6 27. gxh6 f5 28. d6 fxe4 29. Qg4+ Ng6 30. Bb3+ Qxb3 31. Rxc8 Bd8 32. Qd7 1-0

[Event "Eurasia Open Cup 2019"]
[Site "Ekaterinburg"]
[Date "2019.08.01"]
[Round "2.26"]
[White "Pogorelskikh, Sofia"]
[Black "Savitskiy, Sergey"]
[Result "1/2-1/2"]
[ECO "B69"]
[WhiteElo "2189"]
[BlackElo "2418"]
[Annotator "NA"]
[PlyCount "60"]
[EventDate "2019.07.31"]
[EventType "swiss"]
[EventCountry "RUS"]
[SourceTitle "playchess.com"]
[Source "ChessBase"]
[SourceQuality "1"]
[TimeControl "5400+30"]

1. e4 c5 2. Nf3 d6 3. d4 cxd4 4. Nxd4 Nf6 5. Nc3 Nc6 6. Bg5 e6 7. Qd2 a6 8. O-O-O Bd7 9. f4 Be7 10. Nf3 b5 11. Bxf6 gxf6 12. Bd3 Qb6 13. Kb1 b4 14. Ne2 a5 15. f5 e5 16. Bc4 Rc8 17. Bd5 Na7 18. Rc1 Nb5 19. c4 Nc7 20. Qh6 Nxd5 21. cxd5 Qa6 22. Ng3 a4 23. Nh5 Qd3+ 24. Ka1 a3 25. Nxf6+ Bxf6 26. Qxf6 O-O 27. Qg5+ Kh8 28. Qf6+ Kg8 29. Qg5+ Kh8 30. Qf6+ Kg8 1/2-1/2